AoeStats
← Sir bacardi

Arabia

509005932Analyzed
1v1 RM · 8d ago on Sep 25, 2026· 20m 14s· 2 players
Game mode
Random Map
Map size
Tiny (2 player)
Population
200
Speed
Normal
Resources
Standard
Victory
Conquest
Starting age
Dark Age
Ending age
Imperial Age
RankedLock teamsTeams togetherTeam positionsShared explorationLock speedFull tech treeHidden civsTurbo modeCheats
Victory
Defeat
🇨🇴 Bulgarians · Colombia
1072
+15
🇨🇱 Franks · Chile
1050
-15
Sir bacardi
9:44 Loom
11:31 Feudal Age
12:58 Double-Bit Axe
17:24 Castle Age
cristianolaya96
4:47 Loom
15:13 Feudal Age
15:52 Arson
15:55 Horse Collar
17:41 Double-Bit Axe
Connection lost

Rejoining the realm…

Still unreachable

The connection could not be restored.

Session expired

The server has moved on; the page needs a fresh start.